AoeStats
← Killazh

Arabia

510843010Analyzed
2v2 RM · 9h ago on Oct 2, 2026· 53m 33s· 4 players
Game mode
Random Map
Map size
Medium (4 player)
Population
200
Speed
Normal
Resources
Standard
Victory
Conquest
Starting age
Dark Age
Ending age
Imperial Age
RankedLock teamsTeams togetherTeam positionsShared explorationLock speedFull tech treeHidden civsTurbo modeCheats
Victory
Defeat
🇩🇰 Spanish · Denmark
679
+15
🇩🇰 Mongols · Denmark
678
+15
🇵🇦 Berbers · Panama
681
-15
🇺🇸 Jurchens · United States
648
-15
arielhz45
13:42 Feudal Age
15:28 Double-Bit Axe
15:28 Horse Collar
27:46 Castle Age
30:00 Bow Saw
31:07 Gold Mining
35:58 Forging
35:48 Scale Mail Armor
36:37 Scale Barding Armor
47:53 Imperial Age
49:18 Conscription
50:28 Elite Skirmisher
52:45 Iron Casting
Elcaifascefas
3:08 Loom
14:12 Feudal Age
16:02 Double-Bit Axe
18:15 Padded Archer Armor
21:31 Fletching
27:28 Castle Age
28:18 Crossbowman
28:44 Pikeman
29:25 Squires
31:12 Scale Barding Armor
31:56 Elite Skirmisher
34:29 Leather Archer Armor
40:02 Imperial Age
41:18 Ballistics
45:31 Thumb Ring
45:41 Thumb Ring
Killazh
13:11 Feudal Age
11:29 Loom
13:43 Horse Collar
18:25 Scale Barding Armor
18:31 Forging
20:21 Scale Mail Armor
21:31 Wheelbarrow
21:16 Bloodlines
25:55 Castle Age
23:41 Loom
26:57 Chain Barding Armor
26:27 Double-Bit Axe
26:44 Heavy Plow
31:24 Iron Casting
31:05 Chain Mail Armor
30:17 Light Cavalry
31:00 Husbandry
32:03 Stone Mining
32:17 Gold Mining
33:06 Bow Saw
39:29 Imperial Age
37:23 Padded Archer Armor
37:13 Fletching
39:42 Hand Cart
40:22 Leather Archer Armor
40:13 Pikeman
43:51 Conscription
44:17 Gold Shaft Mining
45:42 Drill
46:28 Heavy Camel Rider
49:15 Blast Furnace
48:46 Plate Mail Armor
49:09 Squires
50:41 Bodkin Arrow
52:04 Siege Engineers
51:35 Capped Ram
52:35 Nomads
52:51 Bracer
53:29 Siege Ram
mics114
7:05 Loom
12:40 Feudal Age
14:07 Wheelbarrow
13:23 Double-Bit Axe
13:21 Horse Collar
14:48 Man-at-Arms
15:52 Arson
19:35 Wheelbarrow
23:35 Bloodlines
27:01 Castle Age
27:05 Forging
26:46 Fletching
26:59 Scale Mail Armor
28:00 Long Swordsman
28:25 Gambesons
29:22 Hand Cart
28:53 Town Watch
32:26 Inquisition
32:56 Stone Mining
32:58 Gold Mining
33:25 Bow Saw
33:23 Heavy Plow
33:31 Squires
33:46 Husbandry
35:10 Iron Casting
34:38 Pikeman
36:21 Light Cavalry
43:01 Ballistics
42:32 Guard Tower
44:22 Scale Barding Armor
44:33 Chain Mail Armor
44:14 Bodkin Arrow
53:21 Chain Barding Armor
53:02 Padded Archer Armor
Connection lost

Rejoining the realm…

Still unreachable

The connection could not be restored.

Session expired

The server has moved on; the page needs a fresh start.